 Dungeon Crawl Stone Soup version 0.30.0-13-g156ef70053 (webtiles) character file.

Game seed: 4138548752853769652

1143 Jase the Tainter (level 8, 0/44 (46) HPs)
             Began as an Octopode Venom Mage on May 17, 2023.
             Was an Initiate of Gozag.
             Succumbed to a kobold brigand's poison
             ... on level 6 of the Dungeon on May 18, 2023.
             The game lasted 00:24:18 (6855 turns).

Jase the Tainter (Octopode Venom Mage)              Turns: 6855, Time: 00:24:19

HP:   0/44 (46)     AC: -11   Str:  7    XL:     8   Next: 37%
MP:   8/14          EV: 13    Int: 19    God:    Gozag
Gold: 464           SH:  0    Dex: 13    Spells: 6/16 levels left

rFire   . .          .
                       - Unarmed
rCold   . . .        (no shield)
rNeg    . . .        (helmet restricted)
rPois   .            (no amulet)
rElec   .            (no ring)
rCorr   .            (no ring)
SInv    .            (no ring)
Will    .....        (no ring)
Stlth   +++          (no ring)
HPRegen 0.27/turn    (no ring)
MPRegen 0.14/turn    (no ring)
                     (no ring)

%: no passive effects
@: lethally poisoned (0 -> -6), corroded, gold aura, lightly drained
A: almost no armour, amphibious, 8 rings, camouflage 1, gelatinous body 1,
(nimble swimmer 1), tentacles
a: Renounce Religion, Potion Petition, Call Merchant, Bribe Branch


You were on level 6 of the Dungeon.
You worshipped Gozag.
Gozag was aware of your devotion.
You visited 1 branch of the dungeon, and saw 6 of its levels.

You collected 737 gold pieces.
You spent 273 gold pieces at shops.

Inventory:

Jewellery
 i - an amulet of regeneration
 r - an amulet of guardian spirit
Wands
 m - a wand of light (4)
Scrolls
 b - 2 scrolls of amnesia
 e - 2 scrolls of fog
 f - a scroll of fear {unknown}
 h - a scroll of enchant armour {unknown}
 j - a scroll of silence {unknown}
 l - 2 scrolls of poison {unknown}
 n - 2 scrolls of teleportation
 q - a scroll of blinking {unknown}
Potions
 a - a potion of magic
 c - a potion of lignification
 d - 2 potions of mutation
 g - 3 potions of heal wounds
 k - 2 potions of flight
 o - a potion of attraction
 p - 2 potions of curing
 s - a potion of degeneration {unknown}


   Skills:
 - Level 2.0 Dodging
 - Level 2.6 Stealth
 - Level 2.9 Unarmed Combat
 + Level 4.5 Spellcasting
 - Level 2.0 Transmutations
 + Level 4.1 Air Magic
 * Level 8.3 Poison Magic


You had 6 spell levels left.
You knew the following spells:

 Your Spells              Type           Power      Damage    Failure   Level
a - Sting                 Tmut/Pois      96%        1d7       1%          1
b - Poisonous Vapours     Pois/Air       56%        N/A       1%          2
c - Mephitic Cloud        Conj/Pois/Air  20%        N/A       7%          3
d - Olgreb's Toxic Radia  Pois           36%        N/A       4%          4

Your spell library contained the following spells:

 Spells                   Type           Power      Damage    Failure   Level
 Freeze                   Ice            16%        1d4       13%         1
 Magic Dart               Conj           16%        1d3       13%         1
 Sandblast                Erth           8%         2d5       13%         1
 Passwall                 Tmut/Erth      6%         N/A       13%         2
 Searing Ray              Conj           8%         2d4       21%         2
 Frozen Ramparts          Ice            8%         1d2       36%         3
 Hailstorm                Conj/Ice       4%         3d4       36%         3
 Stone Arrow              Conj/Erth      8%         3d7       36%         3
 Fulminant Prism          Conj/Hex       2%         3d5       78%         4
 Eringya's Noxious Bog    Tmut/Pois      12%        N/A       94%         6
 Summon Forest            Summ/Tloc      2%         N/A       98%         5
 Summon Hydra             Summ           2%         N/A       100%        7


Dungeon Overview and Level Annotations

Branches:
Dungeon (6/15)             Temple (0/1) D:5

Altars:
Cheibriados
Fedhas
Gozag
Okawaru
Trog
Uskayaw
Wu Jian
Yredelemnul

Shops:
D:3 ?

Annotations:
D:4 1 runed translucent door, exclusions: black bear and phantom, Crazy Yiuf, Duvessa


Innate Abilities, Weirdness & Mutations

You cannot wear most types of armour.
You are amphibious.
You can wear up to eight rings at the same time.
Your skin changes colour to match your surroundings (Stealth+).
Your rubbery body absorbs attacks. (AC +1, EV +1)
((You are camouflaged when in or above water. (Stealth+)))
You have tentacles for arms and can constrict up to eight enemies at once.


Message History

Confirm with . or Enter, or press ? or * to list all spells.
Aiming: Sting (safe; 1% risk of failure)
Press: ? - help, Shift-Dir - straight line, f - jelly, p - kobold brigand
Aim: a jelly (100% to hit)
The sting hits the kobold brigand.
The kobold brigand looks as sick as possible!
The kobold brigand is moderately wounded.
You feel sick.
The kobold brigand throws a poisoned dart.
The poisoned dart hits you!
You are more poisoned.
Casting: Sting (safe; 1% risk of failure)
Confirm with . or Enter, or press ? or * to list all spells.
Aiming: Sting (safe; 1% risk of failure)
Press: ? - help, Shift-Dir - straight line, f/p - jelly
Aim: a jelly (100% to hit)
The sting hits the jelly.
The jelly partially resists.
The jelly is poisoned.
The jelly is moderately wounded.
You feel very sick.
Unknown command.
You tentacle-slap the jelly. The acid corrodes you!
Your tentacles burn!
You tentacle-slap the jelly, but do no damage.
The jelly is heavily wounded.
You feel sick. The jelly misses you.
The kobold brigand hits you with a +0 whip!
You tentacle-slap the jelly but do no damage.
The acid corrodes you!
Your tentacles burn!
The jelly is heavily wounded.
You feel sick. The jelly hits you.
* * * LOW HITPOINT WARNING * * *
The acid corrodes you!
You are splashed with acid!
* * * LOW HITPOINT WARNING * * *
The kobold brigand is distracted by your dazzling golden aura.
The kobold brigand shouts!
You barely miss the kobold brigand.
The kobold brigand is no longer distracted by gold.
Your grab misses the kobold brigand. Your squeeze misses the kobold brigand.
The kobold brigand is severely wounded.
You die...
Your body crumbles into a pile of gold.

. ##..##.## ##.### ...
###....$J.# #....##
.....#.....K#.## ##.#..#####
#..........##o# ####.....#
##.....#..##(.K ##....#
.......##..####J ####.....#
........#...#.##.##.#......#
$
..........KJ...#.#..........
..........)@..## ##....#...#
...............###.....#####
......#.##......#.......#
....## ##.............#
..###...##........##...##
..###............#####.# ..
................## ###
##.###..............#
.....#...............#


You could see a kobold brigand (very poisoned) and a jelly (poisoned).

Vanquished Creatures
  Edmund (D:6)
  A water moccasin (D:6)
  3 black bears
  2 bullfrogs
  A scorpion (D:4)
  Dowan (D:4)
  A hound (D:4)
  3 orc priests
  2 iguanas (D:5)
  Natasha (thrice) (D:3)
  7 adders
  A shadow imp (D:5)
  An ufetubus (D:4)
  A worm (D:2)
  6 dart slugs
  10 orcs
  5 bats
  6 endoplasms
  4 giant cockroaches
  6 goblins
  3 hobgoblins
  8 kobolds
  5 quokkas
  4 ball pythons
  2 frilled lizards (D:2)
  5 rats
  A spectral hobgoblin (D:1)
93 creatures vanquished.

Notes
Turn   | Place    | Note
-------+----------+-------------------------------------------
     0 | D:1      | Jase the Octopode Venom Mage began the quest for the Orb.
     0 | D:1      | Reached XP level 1. HP: 11/11 MP: 3/3
   239 | D:1      | Reached XP level 2. HP: 17/17 MP: 3/5
   376 | D:1      | Found a faded altar of an unknown god.
   419 | D:1      | Prayed at the altar of an unknown god.
   419 | D:1      | Became a worshipper of Gozag Ym Sagoz the Greedy
   698 | D:1      | Reached skill level 1 in Unarmed Combat
   734 | D:1      | Reached skill level 4 in Poison Magic
   734 | D:1      | Reached XP level 3. HP: 21/21 MP: 2/6
   742 | D:1      | Learned a level 2 spell: Poisonous Vapours
   746 | D:1      | Learned a level 3 spell: Mephitic Cloud
  1689 | D:2      | Reached XP level 4. HP: 27/27 MP: 5/7
  2372 | D:3      | Noticed Natasha
  2473 | D:3      | Found a blossoming altar of Fedhas.
  2623 | D:3      | Killed Natasha
  2787 | D:3      | Noticed Natasha
  2796 | D:3      | Killed Natasha
  2797 | D:3      | Reached skill level 1 in Air Magic
  2797 | D:3      | Reached XP level 5. HP: 31/31 MP: 2/9
  2880 | D:3      | Noticed Natasha
  2895 | D:3      | Killed Natasha
  2896 | D:3      | Reached skill level 5 in Poison Magic
  3003 | D:3      | Found Mous's Magic Scroll Shoppe.
  3011 | D:3      | Bought a scroll of identify for 26 gold pieces
  3016 | D:3      | Bought a scroll of amnesia for 52 gold pieces
  3016 | D:3      | Bought a scroll of teleportation for 39 gold pieces
  3016 | D:3      | Bought a scroll of immolation for 52 gold pieces
  3016 | D:3      | Bought 2 scrolls of vulnerability for 104 gold pieces
  3151 | D:3      | Reached XP level 6. HP: 36/36 MP: 8/10
  3879 | D:4      | Noticed Duvessa
  3897 | D:4      | Noticed Dowan
  3924 | D:4      | Killed Dowan
  4097 | D:4      | Reached skill level 6 in Poison Magic
  4177 | D:4      | Learned a level 4 spell: Olgreb's Toxic Radiance
  4514 | D:4      | Found a runed translucent door.
  4515 | D:4      | Noticed Crazy Yiuf
  4650 | D:4      | Found a hide-covered altar of Uskayaw.
  4651 | D:4      | Found an ornate altar of the Wu Jian Council.
  4735 | D:4      | Noticed a black bear
  4843 | D:5      | Entered Level 5 of the Dungeon
  4925 | D:5      | Reached XP level 7. HP: 35/41 MP: 7/12
  5438 | D:5      | Found a staircase to the Ecumenical Temple.
  5838 | D:5      | Reached skill level 7 in Poison Magic
  5877 | D:5      | Found a bloodstained altar of Trog.
  6172 | D:6      | Found a basalt altar of Yredelemnul.
  6182 | D:6      | Found an iron altar of Okawaru.
  6353 | D:6      | Found a snail-covered altar of Cheibriados.
  6437 | D:6      | Reached XP level 8. HP: 46/46 MP: 10/14
  6521 | D:6      | Reached skill level 8 in Poison Magic
  6650 | D:6      | Noticed Edmund
  6665 | D:6      | HP: 1/39 [Edmund/+0 dire flail of draining (2)]
  6667 | D:6      | Killed Edmund
  6854 | D:6      | HP: 2/44 [acid (9)]
  6855 | D:6      | Succumbed to a kobold brigand's poison

Illustrated notes

Levels and vault maps discovered:
D:1:      roderic_octagonal_star, layout_basic,
          dreamdust_ecumenical_altar_drowned_temple, st_stairs_5
D:2:      minmay_chambers_of_twos, layout_basic
D:3:      layout_loops_ring, overflow_temple_1_default, serial_shops, shop,
          uniq_natasha
D:4:      layout_loops_ring, gammafunk_temple_overflow_statue, uniq_duvessa,
          uniq_crazy_yiuf_cottage
D:5:      layout_loops_ring, trog_ov_bears_minmay,
          minmay_temple_entry_statues_fountains, minivault_26,
          kennysheep_generic_room_2
D:6:      layout_cave_pools, overflow_temple_1_default, kennysheep_slug_shrine,
          mainiacjoe_overflow_alcove_4, minmay_statues_item,
          minmay_fractal_squares_gapless_5, uniq_edmund

Skill      XL: |  1  2  3  4  5  6  7  8 |
---------------+-------------------------+-----
Unarmed Combat | 1 2 |  2.9
Poison Magic   | 4 5 6 7 8 |  8.3
Transmutations | 2 |  2.0
Air Magic      | 1 2 3 4 |  4.1
Spellcasting   | 3 4 |  4.5
Dodging        | |  2.0
Stealth        | |  2.6

Action                     |  1- 3 |  4- 6 |  7- 9 || total
---------------------------+-------+-------+-------++-------
  Melee: Unarmed           |    32 |    29 |    33 ||    94
         Constrict         |     5 |     8 |     8 ||    21
         Tentacles         |     6 |     7 |     8 ||    21
         Punch             |       |     3 |     1 ||     4
   Cast: Sting             |    57 |    84 |    49 ||   190
         Poisonous Vapours |     1 |    16 |    23 ||    40
    Use: Scroll            |       |     8 |     1 ||     9
         Potion            |       |       |     1 ||     1
   Stab: Sleeping          |       |     1 |       ||     1
         Distracted        |       |       |     1 ||     1
 Armour: Skin              |     4 |     1 |     2 ||     7
  Dodge: Dodged            |    25 |    37 |    25 ||    87
